 Dungeon Crawl Stone Soup version 0.29-a0-982-gaed3a0c8d8 (webtiles) character file.

Game seed: 12716598188337965915

175 vurker the Chiller (level 5, 23/23 HPs)
             Began as a Felid Ice Elementalist on Aug 1, 2022.
             Quit the game on level 5 of the Dungeon.
             The game lasted 00:08:14 (5658 turns).

vurker the Chiller (Felid Ice Elementalist)         Turns: 5658, Time: 00:08:15

Health: 23/23      AC:  2    Str:  4    XL:     5   Next: 29%
Magic:  12/12      EV: 17    Int: 18    God:
Gold:   234        SH:  0    Dex: 17    Spells: 4/12 levels left
                                        Lives:  0   Deaths: 1

rFire   . . .      SeeInvis +   (weapon unavailable)
rCold   . . .      Faith    .   (shield unavailable)
rNeg    . . .      Spirit   .   (body armour unavailable)
rPois   .          Reflect  .   (helmet unavailable)
rElec   .          Harm     .   (cloak unavailable)
rCorr   .          Rampage  .   (gloves unavailable)
Will    .....                   (boots unavailable)
Stlth   ++........              (no amulet)
HPRegen 0.07/turn               (no ring)
MPRegen 0.13/turn               (no ring)

@: quick
A: very small, claws 1, fangs 3, see invisible, speed 1, shaggy fur 2, stealthy
paws, no weapons or thrown items, no armour, multi-lived
a: no special abilities


You were on level 5 of the Dungeon.
You visited 1 branch of the dungeon, and saw 5 of its levels.

You collected 234 gold pieces.

Inventory:

Scrolls
 d - 4 scrolls of identify {unknown}
 i - a scroll of magic mapping {unknown}
 j - a scroll of summoning {unknown}
 n - a scroll of enchant weapon {unknown}
 o - a scroll of immolation {unknown}
 p - a scroll of teleportation {unknown}
 r - 2 scrolls of noise {unknown}
 s - a scroll of butterflies {unknown}
 t - a scroll of brand weapon {unknown}
Potions
 a - a potion of magic
 b - a potion of heal wounds {unknown}
 c - 3 potions of haste {unknown}
 e - 6 potions of brilliance {unknown}
 f - a potion of cancellation {unknown}
 g - a potion of flight {unknown}
 h - a potion of mutation {unknown}
 k - a potion of resistance {unknown}
 l - 2 potions of might {unknown}
 m - a potion of curing {unknown}
 q - a potion of ambrosia {unknown}


   Skills:
 + Level 2.6 Fighting
 - Level 2.6 Dodging
 - Level 2.6 Stealth
 * Level 4.1 Spellcasting
 + Level 0.8 Conjurations
 * Level 5.1 Ice Magic


You had 4 spell levels left.
You knew the following spells:

 Your Spells              Type           Power      Damage    Failure   Level
a - Freeze                Ice            88%        1d10      1%          1
b - Frozen Ramparts       Ice            44%        1d12      5%          3
c - Hailstorm             Conj/Ice       14%        3d5       38%         4

Your spell library contained the following spells:

 Spells                   Type           Power      Damage    Failure   Level
 Ozocubu's Armour         Ice            22%        N/A       5%          3
 Sandblast                Erth           6%         2d5       14%         1
 Static Discharge         Conj/Air       5%         3-4/arc   19%         2
 Passwall                 Tmut/Erth      2%         N/A       22%         2
 Stone Arrow              Conj/Erth      10%        3d7       36%         3
 Sticky Flame             Conj/Fire      5%         2d3       77%         4
 Dispel Undead            Necr           3%         3d7       82%         4


Dungeon Overview and Level Annotations

Branches:
Dungeon (5/15)
 Temple: D:4-7

Altars:
Fedhas
Kikubaaqudgha


Innate Abilities, Weirdness & Mutations

You have sharp claws.
You have razor-sharp teeth.
You have supernaturally acute eyesight. (SInv)
You cover ground quickly. (Speed+)
You are covered in thick fur. (AC +2)
Your paws help you pounce on unaware monsters.
You are incapable of wielding weapons or throwing items.
You cannot wear armour.
You gain extra lives every three experience levels.


Message History

Found a brass wand.
A scorpion is nearby!
An adder and a hound come into view.
Found a stone staircase leading down.
A white imp comes into view.
The white imp shouts, "Succumb, thou rank guts-griping foot-licker!"
The hound barks!
Aim: a hound You freeze the hound!
The hound bites you.
The spell is quite dangerous to miscast (6% risk of failure)!
Continue anyway? [Y]es or [N]o only, please.
The spell is quite dangerous to miscast (6% risk of failure)!
Continue anyway?
The walls around you are covered in ice.
The adder hisses angrily.
The wall freezes the hound.
The hound bites you.
The wall freezes the scorpion.
The wall freezes the hound.
You kill the hound!
Your Ice Magic skill increases to level 5!
You have reached level 6!
Your fur grows into a thick mane.
The wall freezes the adder.
The adder seems to slow down.
Aim: a scorpion (lightly wounded)
You freeze the scorpion.
The wall freezes the scorpion.
The scorpion stings you.
You are poisoned.
The scorpion poisons you!
The wall freezes the scorpion.
The scorpion closely misses you.
Aim: a scorpion (severely wounded)
You freeze the scorpion!
You kill the scorpion!
You feel very sick.
The wall freezes the adder!
You kill the adder!
Your Spellcasting skill increases to level 4!
The frozen ramparts melt away as you move.
You feel sick.
You feel sick.
You feel sick.
You feel sick.
You feel sick.
You feel sick.
You feel sick.
You feel sick.
You feel sick.
You are no longer poisoned.
The white imp gestures at you. The puff of frost hits you!
You die...
You are now level 5!
You rejoin the land of the living...

## ### #..#.##
#...@.#
.........#
...........
##..........#
..............
...##.......###
... #.......#
.. .........


There were no monsters in sight!

Vanquished Creatures
  A scorpion (D:5)
  A hound (D:5)
  Natasha (twice) (D:3)
  Robin (D:3)
  3 gnolls (D:2)
  5 adders
  A worm (D:5)
  4 dart slugs
  2 orcs
  5 bats
  6 endoplasms
  8 giant cockroaches
  14 goblins
  12 hobgoblins
  9 jackals (D:1)
  3 kobolds
  8 quokkas
  4 ball pythons
  6 frilled lizards
  5 rats
100 creatures vanquished.

Vanquished Creatures (others)
  73 plants (D:3)
73 creatures vanquished.

Grand Total: 173 creatures vanquished

Notes
Turn   | Place    | Note
-------+----------+-------------------------------------------
     0 | D:1      | vurker the Felid Ice Elementalist began the quest for the
                  | Orb.
     0 | D:1      | Reached XP level 1. HP: 7/7 MP: 4/4
   490 | D:1      | Reached XP level 2. HP: 7/12 MP: 1/6
  1201 | D:1      | Reached skill level 4 in Ice Magic
  1206 | D:1      | Reached skill level 1 in Fighting
  1371 | D:1      | Reached XP level 3. HP: 15/15 MP: 5/7
  2087 | D:1      | Learned a level 3 spell: Frozen Ramparts
  2586 | D:2      | Identified the +7 spear "Gen Hoca" {drain, rC++}
  2689 | D:2      | Found a faded altar of an unknown god.
  2812 | D:2      | Reached XP level 4. HP: 6/19 MP: 5/9
  3684 | D:3      | Found an ancient bone altar of Kikubaaqudgha.
  3685 | D:3      | Noticed Robin
  4132 | D:3      | Noticed Natasha
  4135 | D:3      | Killed Natasha
  4136 | D:3      | Reached XP level 5. HP: 22/22 MP: 5/11
  4395 | D:3      | Noticed Natasha
  4398 | D:3      | Killed Natasha
  4771 | D:3      | Killed Robin
  4879 | D:3      | Learned a level 4 spell: Hailstorm
  4884 | D:4      | Found a blossoming altar of Fedhas.
  5513 | D:5      | Entered Level 5 of the Dungeon
  5513 | D:5      | Noticed an ogre
  5513 | D:5      | Noticed an ogre
  5644 | D:5      | Reached skill level 5 in Ice Magic
  5644 | D:5      | Gained mutation: You are covered in thick fur. (AC +2)
                  | [Felid growth]
  5644 | D:5      | Reached XP level 6. HP: 21/27 MP: 7/12
  5657 | D:5      | Killed from afar by a white imp
  5658 | D:5      | Reached XP level 5. HP: -3/23 MP: 6/12
  5658 | D:5      | Quit the game

Illustrated notes

Levels and vault maps discovered:
D:1:      wander_arrival_chamber, layout_loops_corners,
          chequers_serial_rivers_room_b, grunt_decor_clamped
D:2:      layout_basic, basic_ecumenical_altar, moated_statue
D:3:      wad_woods_stonehenge, layout_loops_corners, minmay_mini_jars,
          uniq_natasha, uniq_robin
D:4:      layout_rooms, fedhas_altar_1, minmay_tree_intersection
D:5:      layout_cave_pools, guppyfry_shop_venom

Skill      XL: |  1  2  3  4  5  6 |
---------------+-------------------+-----
Ice Magic      | 4 5 |  5.1
Fighting       | 1 2 |  2.6
Spellcasting   | 3 4 |  4.1
Dodging        | |  2.6
Stealth        | |  2.6
Conjurations   | |  0.8

Action                   |  1- 3 |  4- 6 || total
-------------------------+-------+-------++-------
Melee: Unarmed           |    38 |    19 ||    57
       Bite              |     5 |     7 ||    12
       Punch             |     1 |     1 ||     2
 Cast: Freeze            |    48 |    58 ||   106
       Frozen Ramparts   |     1 |    11 ||    12
 Stab: Sleeping          |     7 |     6 ||    13
Armor: Skin              |     2 |     3 ||     5
Dodge: Dodged            |    54 |    38 ||    92

Table legend: (Time is in decaauts)
 A = Elapsed time spent in this place.
 B = Non-inter-level travel time spent in this place.
 C = Inter-level travel time spent in this place.
 D = Time resting spent in this place.
 E = Time spent auto-exploring this place.
 F = Levels seen in this place.
 G = Mean time per level.
                   A        B        C        D        E       F      G
               +--------+--------+--------+--------+--------+-----+--------+
         Total |   5046 |   4928 |    118 |     45 |   4269 |   5 | 1009.2 |
       Dungeon |   5046 |   4928 |    118 |     45 |   4269 |   5 | 1009.2 |
               +--------+--------+--------+--------+--------+-----+--------+

Top non-repeatable levels by time:
     D:1: 1897 daAuts
     D:3: 1434 daAuts
     D:2: 1046 daAuts
     D:4: 575 daAuts
     D:5: 94 daAuts
